TOP OF THE 1ST |
Lake County Captains batting - Pitching for Burlington Bees : RHP John Palumbo
|
Pitching: RHP John Palumbo
|
|
Batting: SHB Jarrod Lindblad
|
0-0: Ball 1-0: Ball 2-0: Ball 3-0: Base on Balls
|
Batting: RHB Chris Fitzgerald
|
0-0: Ball 1-0: Foul Ball, location: 2F 1-1: Foul Ball, location: 2F 1-2: Foul Ball, location: 2F 1-2: SINGLE (Groundball, 6MD, EV 104.4 MPH) Jarrod Lindblad to second Runner from 2nd tries for 3rd, OUT! 8-5 Chris Fitzgerald to second
|
Batting: RHB Ricky Deen
|
0-0: Called Strike 0-1: Ball 1-1: Ball 2-1: Ball 3-1: Foul Ball, location: 2F 3-2: Strikes out looking
|
Batting: RHB Ernest Olkowicz
|
0-0: Swinging Strike 0-1: Ball 1-1: Ball 2-1: Swinging Strike 2-2: Strikes out swinging
|
Top of the 1st over - 0 runs, 1 hit, 0 errors, 1 left on base; Lake County 0 - Burlington 0 |
BOTTOM OF THE 1ST |
Burlington Bees batting - Pitching for Lake County Captains : LHP Fred Kelly
|
Pitching: LHP Fred Kelly
|
|
Batting: RHB Timoleon Tsikouna
|
0-0: Ball 1-0: Fly out, F9 (Flyball, 9D, EV 93.1 MPH)
|
Batting: RHB Danny Bjarnson
|
0-0: TRIPLE (Line Drive, 9LD, EV 113.1 MPH)
|
Batting: LHB Mark Reeg
|
0-0: Ball 1-0: Ball 2-0: Foul Ball, location: 2F 2-1: Called Strike 2-2: Strikes out swinging
|
Batting: RHB Josh Faulconer
|
0-0: Ball 1-0: Ball 2-0: Called Strike 2-1: Ball 3-1: Base on Balls
|
Batting: RHB Kinya Nishimura
|
0-0: Ball 1-0: Called Strike 1-1: Swinging Strike 1-2: Ball 2-2: Foul Ball, location: 2F 2-2: Ball 3-2: Foul Ball, location: 2F 3-2: Fly out, F7 (Flyball, 7S, EV 90.6 MPH)
|
Bottom of the 1st over - 0 runs, 1 hit, 0 errors, 2 left on base; Lake County 0 - Burlington 0 |
TOP OF THE 2ND |
Lake County Captains batting - Pitching for Burlington Bees : RHP John Palumbo
|
Batting: LHB Brandon Hopper
|
0-0: Called Strike 0-1: Swinging Strike 0-2: Ball 1-2: Foul Ball, location: 2F 1-2: Ground out U3 (Groundball, 34S, EV 81.2 MPH)
|
Batting: LHB John Shults
|
0-0: Ball 1-0: Swinging Strike 1-1: Ground out 6-3 (Groundball, 6M, EV 91.2 MPH)
|
Batting: RHB Chris Diaz
|
0-0: Ball 1-0: Ball 2-0: Ball 3-0: Foul Ball, location: 2F 3-1: Called Strike 3-2: TRIPLE (Flyball, 78XD, EV 111.9 MPH)
|
Batting: RHB Jason Harris
|
0-0: Ball 1-0: Foul Ball, location: 2F 1-1: Foul Ball, location: 2F 1-2: Foul Ball, location: 2F 1-2: Ground out 4-3 (Groundball, 4, EV 87.5 MPH)
|
Top of the 2nd over - 0 runs, 1 hit, 0 errors, 1 left on base; Lake County 0 - Burlington 0 |
BOTTOM OF THE 2ND |
Burlington Bees batting - Pitching for Lake County Captains : LHP Fred Kelly
|
Batting: LHB Brett Bugge
|
0-0: Ball 1-0: SINGLE (Groundball, 5S, EV 71.9 MPH) (infield hit)
|
Batting: LHB Barrfhionn O'Toole
|
0-0: Swinging Strike 0-1: Swinging Strike 0-2: Ball 1-2: Foul Ball, location: 2F 1-2: Strikes out swinging
|
Batting: LHB Adam Barry
|
0-0: Called Strike 0-1: SINGLE (Line Drive, 56, EV 105.0 MPH) Brett Bugge to second
|
Batting: SHB Tim Connell
|
0-0: Ball 1-0: Foul Ball, location: 2F 1-1: Called Strike 1-2: Ball 2-2: Ball 3-2: Foul Ball, location: 2F 3-2: Fly out, F7 (Line Drive, 78M, EV 93.8 MPH)
|
Batting: RHB Timoleon Tsikouna
|
0-0: Called Strike 0-1: Called Strike 0-2: Strikes out swinging
|
Bottom of the 2nd over - 0 runs, 2 hits, 0 errors, 2 left on base; Lake County 0 - Burlington 0 |
TOP OF THE 3RD |
Lake County Captains batting - Pitching for Burlington Bees : RHP John Palumbo
|
Batting: RHB Ferdi Schipper
|
0-0: Ground out 3-1 (Groundball, 34S, EV 85.6 MPH)
|
Batting: SHB Jarrod Lindblad
|
0-0: Called Strike 0-1: Called Strike 0-2: Ground out U3 (Groundball, 3, EV 90.0 MPH)
|
Batting: RHB Chris Fitzgerald
|
0-0: Ball 1-0: SINGLE (Line Drive, 5D, EV 103.1 MPH)
|
Batting: RHB Ricky Deen
|
0-0: Ball Chris Fitzgerald steals 2nd base (no throw) 1-0: Called Strike 1-1: Called Strike 1-2: Foul Ball, location: 2F 1-2: Ball 2-2: Strikes out swinging
|
Top of the 3rd over - 0 runs, 1 hit, 0 errors, 1 left on base; Lake County 0 - Burlington 0 |
BOTTOM OF THE 3RD |
Burlington Bees batting - Pitching for Lake County Captains : LHP Fred Kelly
|
Batting: RHB Danny Bjarnson
|
0-0: Called Strike 0-1: Reached on error, E6 (Groundball, 6, EV 81.2 MPH)
|
Batting: LHB Mark Reeg
|
0-0: Ball 1-0: Called Strike 1-1: Ball 2-1: Swinging Strike 2-2: Fielders Choice at 2nd, 4-6 (Groundball, 4, EV 78.1 MPH)
|
Batting: RHB Josh Faulconer
|
0-0: Called Strike 0-1: Foul Ball, location: 2F 0-2: Ball 1-2: Ball 2-2: Ball Mark Reeg steals 2nd base 3-2: DOUBLE (Flyball, 8RXD, EV 106.9 MPH) Mark Reeg scores
|
Batting: RHB Kinya Nishimura
|
0-0: Ball 1-0: Ball 2-0: Called Strike 2-1: Ball 3-1: Fly out, F8 (Line Drive, 8RM, EV 109.4 MPH)
|
Batting: LHB Brett Bugge
|
0-0: Ball 1-0: Foul Ball, location: 2F 1-1: Fly out, F8 (Flyball, 89M, EV 98.8 MPH)
|
Bottom of the 3rd over - 1 run, 1 hit, 1 error, 1 left on base; Lake County 0 - Burlington 1 |
TOP OF THE 4TH |
Lake County Captains batting - Pitching for Burlington Bees : RHP John Palumbo
|
Batting: RHB Ernest Olkowicz
|
0-0: Called Strike 0-1: Called Strike 0-2: Foul Ball, location: 2F 0-2: Strikes out swinging
|
Batting: LHB Brandon Hopper
|
0-0: Ball 1-0: Ball 2-0: Foul Ball, location: 2F 2-1: Ground out U3 (Groundball, 34, EV 105.6 MPH)
|
Batting: LHB John Shults
|
0-0: Swinging Strike 0-1: Ball 1-1: Ball 2-1: Foul Ball, location: 2F 2-2: Strikes out swinging
|
Top of the 4th over - 0 runs, 0 hits, 0 errors, 0 left on base; Lake County 0 - Burlington 1 |
BOTTOM OF THE 4TH |
Burlington Bees batting - Pitching for Lake County Captains : LHP Fred Kelly
|
Batting: LHB Barrfhionn O'Toole
|
0-0: Ball 1-0: Ground out 3-1 (Groundball, 34S, EV 79.4 MPH)
|
Batting: LHB Adam Barry
|
0-0: Foul Ball, location: 2F 0-1: Ball 1-1: Swinging Strike 1-2: Strikes out swinging
|
Batting: SHB Tim Connell
|
0-0: Fly out, F7 (Flyball, 7S, EV 79.4 MPH)
|
Bottom of the 4th over - 0 runs, 0 hits, 0 errors, 0 left on base; Lake County 0 - Burlington 1 |
TOP OF THE 5TH |
Lake County Captains batting - Pitching for Burlington Bees : RHP John Palumbo
|
Batting: RHB Chris Diaz
|
0-0: Ball 1-0: Ball 2-0: Ball 3-0: Called Strike 3-1: Reached on error, E5 (Groundball, 56S, EV 90.0 MPH)
|
Batting: RHB Jason Harris
|
0-0: Ball 1-0: Called Strike 1-1: SINGLE (Groundball, 56D, EV 100.6 MPH) Chris Diaz to third
|
Batting: RHB Ferdi Schipper
|
0-0: Called Strike 0-1: Swinging Strike 0-2: Ball 1-2: Foul Ball, location: 2F 1-2: Ball 2-2: Ball 3-2: Ground out 3-1 (Groundball, 3L, EV 100.6 MPH) Jason Harris to second
|
Batting: SHB Jarrod Lindblad
|
0-0: Ground out 1-3 (Groundball, 15S, EV 69.4 MPH)
|
Batting: RHB Chris Fitzgerald
|
0-0: Fly out, F8 (Flyball, 8LD, EV 98.8 MPH)
|
Top of the 5th over - 0 runs, 1 hit, 1 error, 2 left on base; Lake County 0 - Burlington 1 |
BOTTOM OF THE 5TH |
Burlington Bees batting - Pitching for Lake County Captains : LHP Fred Kelly
|
Batting: RHB Timoleon Tsikouna
|
0-0: Called Strike 0-1: Ball 1-1: Ground out 4-3 (Groundball, 4, EV 87.5 MPH)
|
Batting: RHB Danny Bjarnson
|
0-0: Ball 1-0: Swinging Strike 1-1: Ground out 3-1 (Groundball, 34, EV 90.6 MPH)
|
Batting: LHB Mark Reeg
|
0-0: Ball 1-0: Called Strike 1-1: Fly out, F4 (Line Drive, 4, EV 73.8 MPH)
|
Bottom of the 5th over - 0 runs, 0 hits, 0 errors, 0 left on base; Lake County 0 - Burlington 1 |
TOP OF THE 6TH |
Lake County Captains batting - Pitching for Burlington Bees : RHP John Palumbo
|
Batting: RHB Ricky Deen
|
0-0: Called Strike 0-1: Foul Ball, location: 2F 0-2: SOLO HOME RUN (Flyball, 9D, EV 95.6 MPH), Distance : 354 ft
|
Batting: RHB Ernest Olkowicz
|
0-0: Ball 1-0: Swinging Strike 1-1: Fly out, F8 (Flyball, 8RD, EV 90.0 MPH)
|
Pitching: RHP Kennie Williams
|
|
Batting: LHB Brandon Hopper
|
0-0: Fly out, F8 (Flyball, 8RD, EV 98.8 MPH)
|
Batting: LHB John Shults
|
0-0: Swinging Strike 0-1: Ball 1-1: Ball 2-1: Ball 3-1: Called Strike 3-2: Strikes out swinging
|
Top of the 6th over - 1 run, 1 hit, 0 errors, 0 left on base; Lake County 1 - Burlington 1 |
BOTTOM OF THE 6TH |
Burlington Bees batting - Pitching for Lake County Captains : LHP Fred Kelly
|
Batting: RHB Josh Faulconer
|
0-0: Ball 1-0: Ball 2-0: Called Strike 2-1: Swinging Strike 2-2: Foul Ball, location: 2F 2-2: Ball 3-2: Ground out 5-3 (Groundball, 56, EV 83.1 MPH)
|
Batting: RHB Kinya Nishimura
|
0-0: Ball 1-0: Fly out, F9 (Line Drive, 9, EV 101.2 MPH)
|
Batting: LHB Brett Bugge
|
0-0: Called Strike 0-1: Foul Ball, location: 2F 0-2: SINGLE (Groundball, 56D, EV 100.6 MPH)
|
Batting: LHB Barrfhionn O'Toole
|
0-0: Ball 1-0: Ball 2-0: Called Strike 2-1: Ground out 4-3 (Groundball, 4, EV 91.9 MPH)
|
Bottom of the 6th over - 0 runs, 1 hit, 0 errors, 1 left on base; Lake County 1 - Burlington 1 |
TOP OF THE 7TH |
Lake County Captains batting - Pitching for Burlington Bees : RHP Kennie Williams
|
Batting: RHB Chris Diaz
|
0-0: Ground out 6-3 (Groundball, 6, EV 86.9 MPH)
|
Batting: RHB Jason Harris
|
0-0: Ball 1-0: DOUBLE (Groundball, 3L, EV 103.8 MPH)
|
Batting: RHB Ferdi Schipper
|
0-0: Called Strike 0-1: Ground out 5-3 (Groundball, 56S, EV 62.5 MPH) Jason Harris to third
|
Batting: SHB Jarrod Lindblad
|
0-0: SINGLE (Groundball, 34S, EV 71.2 MPH) (infield hit) Jason Harris scores
|
Batting: RHB Chris Fitzgerald
|
0-0: Ball 1-0: Foul Ball, location: 2F 1-1: Foul Ball, location: 2F 1-2: Strikes out swinging
|
Top of the 7th over - 1 run, 2 hits, 0 errors, 1 left on base; Lake County 2 - Burlington 1 |
BOTTOM OF THE 7TH |
Burlington Bees batting - Pitching for Lake County Captains : LHP Fred Kelly
|
Pinch Hitting: RHB Khalil Thurston
|
0-0: Called Strike 0-1: Foul Ball, location: 2F 0-2: Ball 1-2: Ball 2-2: Ground out 4-3 (Groundball, 4, EV 81.9 MPH)
|
Batting: SHB Tim Connell
|
0-0: Ball 1-0: Foul Ball, location: 2F 1-1: Foul Ball, location: 2F 1-2: Foul Ball, location: 2F 1-2: Ball 2-2: Ball 3-2: Foul Ball, location: 2F 3-2: Ground out 6-3 (Groundball, 6S, EV 83.1 MPH)
|
Batting: RHB Timoleon Tsikouna
|
0-0: Ball 1-0: Ball 2-0: Called Strike 2-1: Ball 3-1: Called Strike 3-2: Strikes out swinging
|
Bottom of the 7th over - 0 runs, 0 hits, 0 errors, 0 left on base; Lake County 2 - Burlington 1 |
TOP OF THE 8TH |
Lake County Captains batting - Pitching for Burlington Bees : RHP Kennie Williams
|
Now at 1B: Mark Reeg
|
|
Now in LF: Davey Verhoog
|
|
Batting: RHB Ricky Deen
|
0-0: Called Strike 0-1: Ball 1-1: Foul Ball, location: 2F 1-2: Foul Ball, location: 2F 1-2: Ball 2-2: Ball 3-2: Foul Ball, location: 2F 3-2: TRIPLE (Line Drive, 89XD, EV 106.2 MPH)
|
Batting: RHB Ernest Olkowicz
|
0-0: Ball 1-0: Foul Ball, location: 2F 1-1: Swinging Strike 1-2: Strikes out swinging
|
Batting: LHB Brandon Hopper
|
0-0: DOUBLE (Groundball, 3L, EV 95.0 MPH) Ricky Deen scores
|
Batting: LHB John Shults
|
0-0: Intentional Walk
|
Batting: RHB Chris Diaz
|
0-0: Called Strike 0-1: Foul Ball, location: 2F 0-2: Ball 1-2: Foul Ball, location: 2F 1-2: Strikes out looking
|
Batting: RHB Jason Harris
|
0-0: Called Strike 0-1: Ball 1-1: Called Strike 1-2: Ground out 6-3 (Groundball, 56, EV 103.8 MPH)
|
Top of the 8th over - 1 run, 2 hits, 0 errors, 2 left on base; Lake County 3 - Burlington 1 |
BOTTOM OF THE 8TH |
Burlington Bees batting - Pitching for Lake County Captains : LHP Fred Kelly
|
Pitching: RHP Nate Souza
|
|
Batting: RHB Danny Bjarnson
|
0-0: Ground out U3 (Groundball, 34, EV 80.0 MPH)
|
Batting: LHB Mark Reeg
|
0-0: Called Strike 0-1: Foul Ball, location: 2F 0-2: Ball 1-2: Foul Ball, location: 2F 1-2: Strikes out looking
|
Batting: RHB Josh Faulconer
|
0-0: Ball 1-0: Ball 2-0: Ball 3-0: Called Strike 3-1: Base on Balls
|
Batting: RHB Kinya Nishimura
|
0-0: Called Strike 0-1: Ball 1-1: Fly out, F9 (Line Drive, 9LS, EV 93.8 MPH)
|
Bottom of the 8th over - 0 runs, 0 hits, 0 errors, 1 left on base; Lake County 3 - Burlington 1 |
TOP OF THE 9TH |
Lake County Captains batting - Pitching for Burlington Bees : RHP Kennie Williams
|
Pitching: RHP Nick Madrid
|
|
Batting: RHB Ferdi Schipper
|
0-0: Ball 1-0: Ball 2-0: SINGLE (Groundball, 25, EV 72.5 MPH) (infield hit)
|
Batting: SHB Jarrod Lindblad
|
0-0: Called Strike 0-1: Sac Bunt to 15 - play at first, batter OUT! 1-3 Ferdi Schipper to second
|
Batting: RHB Chris Fitzgerald
|
0-0: Ball 1-0: Ground out 3-1 (Groundball, 34, EV 77.5 MPH) Ferdi Schipper to third
|
Batting: RHB Ricky Deen
|
0-0: Ball 1-0: Foul Ball, location: 2F 1-1: Ball 2-1: Ball 3-1: Called Strike 3-2: Strikes out swinging
|
Top of the 9th over - 0 runs, 1 hit, 0 errors, 1 left on base; Lake County 3 - Burlington 1 |
BOTTOM OF THE 9TH |
Burlington Bees batting - Pitching for Lake County Captains : RHP Nate Souza
|
Pitching: RHP Chris Cohen
|
|
Batting: LHB Brett Bugge
|
0-0: Called Strike 0-1: Foul Ball, location: 2F 0-2: SINGLE (Flyball, 6MD, EV 83.8 MPH)
|
Batting: LHB Barrfhionn O'Toole
|
0-0: Ball 1-0: Fly out, F8 (Flyball, 89S, EV 82.5 MPH)
|
Batting: RHB Davey Verhoog
|
0-0: Called Strike 0-1: Swinging Strike 0-2: Grounds into double play, 5-4-3 (Groundball, 56S, EV 80.0 MPH)
|
Bottom of the 9th over - 0 runs, 1 hit, 0 errors, 0 left on base; Lake County 3 - Burlington 1 |
|